AA NE
NEW HAMPSHIRE FISHER CATS @ HARTFORD YARD GOATS
05/12/2042
 
TOP OF THE 1ST
New Hampshire Fisher Cats batting - Pitching for Hartford Yard Goats : RHP Greg Miller
Pitching: RHP Greg Miller
Batting: RHB António Acosta 0-0: Fly out, F8 (Flyball, 8LM, EV 88.1 MPH)
Batting: RHB Raúl Ramírez 0-0: Called Strike
0-1: Foul Ball, location: 5FF
0-2: Ball
1-2: Strikes out swinging
Batting: RHB Tony Blevins 0-0: Ball
1-0: Ball
2-0: Ground out 4-3 (Groundball, 4, EV 83.8 MPH)
Top of the 1st over - 0 runs, 0 hits, 0 errors, 0 left on base; New Hampshire 0 - Hartford 0
BOTTOM OF THE 1ST
Hartford Yard Goats batting - Pitching for New Hampshire Fisher Cats : LHP José Flores
Pitching: LHP José Flores
Batting: RHB Ben Austin 0-0: Ball
1-0: Foul Ball, location: 2F
1-1: Swinging Strike
1-2: Foul Ball, location: 3FF
1-2: Ball
2-2: Foul Ball, location: 5SF
2-2: Ball
3-2: Strikes out looking
Batting: RHB Tom Spencer 0-0: Ball
1-0: Called Strike
1-1: Ground out U3 (Groundball, 34S, EV 80.0 MPH)
Batting: RHB Stan Moore 0-0: Ball
1-0: Ball
2-0: Ball
3-0: Called Strike
3-1: Called Strike
3-2: Strikes out swinging
Bottom of the 1st over - 0 runs, 0 hits, 0 errors, 0 left on base; New Hampshire 0 - Hartford 0
TOP OF THE 2ND
New Hampshire Fisher Cats batting - Pitching for Hartford Yard Goats : RHP Greg Miller
Batting: LHB Ben Johnson 0-0: Ball
1-0: Ball
2-0: Called Strike
2-1: SOLO HOME RUN (Flyball, 8LXD, EV 106.9 MPH), Distance : 432 ft
Batting: RHB Ben Miller 0-0: SINGLE (Groundball, 3D, EV 105.6 MPH)
Batting: LHB Ben Browning 0-0: Fly out, F8 (Flyball, 8RXD, EV 78.1 MPH)
Batting: RHB Hisashi Taniguchi 0-0: Ball
1-0: Ball
2-0: Fly out, F2 (Popup, 13S, EV 87.5 MPH)
Batting: RHB Luis Cuestas 0-0: Foul Ball, location: 25FF
0-1: Fly out, F3 (Popup, 23F, EV 95.0 MPH)
Top of the 2nd over - 1 run, 2 hits, 0 errors, 1 left on base; New Hampshire 1 - Hartford 0
BOTTOM OF THE 2ND
Hartford Yard Goats batting - Pitching for New Hampshire Fisher Cats : LHP José Flores
Batting: RHB Greg Ashby 0-0: Ball
1-0: Called Strike
1-1: Swinging Strike
1-2: Strikes out swinging
Batting: LHB Mike Gibson 0-0: Called Strike
0-1: Ball
1-1: Foul Ball, location: 2F
1-2: Foul Ball, location: 5SF
1-2: Ball
2-2: Foul Ball, location: 9LMF
2-2: Ground out U3 (Groundball, 3, EV 80.6 MPH)
Batting: RHB Aurelio Alvarado 0-0: Ball
1-0: Foul Ball, location: 5F
1-1: Ball
2-1: Ball
3-1: Called Strike
3-2: Ground out 6-3 (Groundball, 6, EV 84.4 MPH)
Bottom of the 2nd over - 0 runs, 0 hits, 0 errors, 0 left on base; New Hampshire 1 - Hartford 0
TOP OF THE 3RD
New Hampshire Fisher Cats batting - Pitching for Hartford Yard Goats : RHP Greg Miller
Batting: RHB Juan Vázquez 0-0: Called Strike
0-1: Ball
1-1: Called Strike
1-2: Strikes out looking
Batting: RHB António Acosta 0-0: Called Strike
0-1: Ball
1-1: Fly out, F9 (Line Drive, 9, EV 93.1 MPH)
Batting: RHB Raúl Ramírez 0-0: Ball
1-0: Ball
2-0: Swinging Strike
2-1: Fly out, F7 (Flyball, 78M, EV 96.9 MPH)
Top of the 3rd over - 0 runs, 0 hits, 0 errors, 0 left on base; New Hampshire 1 - Hartford 0
BOTTOM OF THE 3RD
Hartford Yard Goats batting - Pitching for New Hampshire Fisher Cats : LHP José Flores
Batting: RHB Rubén Chávez 0-0: Ground out 6-3 (Groundball, 6, EV 92.5 MPH)
Batting: RHB Dave Howard 0-0: Fly out, F8 (Flyball, 8LM, EV 97.5 MPH)
Batting: SHB Jerry Clifton 0-0: Called Strike
0-1: Foul Ball, location: 9LMF
0-2: Strikes out looking
Bottom of the 3rd over - 0 runs, 0 hits, 0 errors, 0 left on base; New Hampshire 1 - Hartford 0
TOP OF THE 4TH
New Hampshire Fisher Cats batting - Pitching for Hartford Yard Goats : RHP Greg Miller
Batting: RHB Tony Blevins 0-0: Fly out, F8 (Flyball, 8RXD, EV 77.5 MPH)
Batting: LHB Ben Johnson 0-0: Called Strike
0-1: Ball
1-1: Called Strike
1-2: Ball
2-2: Ball
3-2: Base on Balls
Batting: RHB Ben Miller 0-0: Ball
1-0: Ball
2-0: Ball
3-0: Called Strike
3-1: Base on Balls
Ben Johnson to second
Batting: LHB Ben Browning 0-0: Called Strike
0-1: Ball
1-1: Ball
2-1: Ball
3-1: Called Strike
3-2: Foul Ball, location: 2F
3-2: Foul Ball, location: 2LF
3-2: Grounds into double play, U6-3 (Groundball, 4M, EV 85.6 MPH)
Top of the 4th over - 0 runs, 0 hits, 0 errors, 1 left on base; New Hampshire 1 - Hartford 0
BOTTOM OF THE 4TH
Hartford Yard Goats batting - Pitching for New Hampshire Fisher Cats : LHP José Flores
Batting: RHB Ben Austin 0-0: Called Strike
0-1: Ball
1-1: Foul Ball, location: 2F
1-2: Ground out 6-3 (Groundball, 56, EV 97.5 MPH)
Batting: RHB Tom Spencer 0-0: Ball
1-0: Foul Ball, location: 3F
1-1: Fly out, F4 (Line Drive, 4, EV 66.9 MPH)
Batting: RHB Stan Moore 0-0: Called Strike
0-1: Ball
1-1: Swinging Strike
1-2: Ball
2-2: Ground out 6-3 (Groundball, 6, EV 101.3 MPH)
Bottom of the 4th over - 0 runs, 0 hits, 0 errors, 0 left on base; New Hampshire 1 - Hartford 0
TOP OF THE 5TH
New Hampshire Fisher Cats batting - Pitching for Hartford Yard Goats : RHP Greg Miller
Batting: RHB Hisashi Taniguchi 0-0: Called Strike
0-1: Called Strike
0-2: Strikes out swinging
Batting: RHB Luis Cuestas 0-0: Ball
1-0: Called Strike
1-1: Foul Ball, location: 2F
1-2: Foul Ball, location: 9LDF
1-2: Ball
2-2: Ball
3-2: Foul Ball, location: 3FF
3-2: Foul Ball, location: 5F
3-2: Base on Balls
Batting: RHB Juan Vázquez 0-0: Ball
1-0: Ball
2-0: Called Strike
2-1: Ball
3-1: Fly out, F8 (Line Drive, 8LM, EV 93.8 MPH)
Batting: RHB António Acosta 0-0: Called Strike
0-1: Ball
1-1: TRIPLE (Line Drive, 78XD, EV 99.4 MPH)
Luis Cuestas scores
Batting: RHB Raúl Ramírez 0-0: Called Strike
0-1: SINGLE (Groundball, 2L, EV 65.6 MPH) (infield hit)
António Acosta scores
Batting: RHB Tony Blevins 0-0: Ball
1-0: Called Strike
Raúl Ramírez steals 2nd base
1-1: Ball
2-1: Ball
3-1: SINGLE (Line Drive, 7S, EV 85.6 MPH)
Raúl Ramírez to third
Runner from 3rd tries for Home, SAFE, throw by LF to home
Batting: LHB Ben Johnson 0-0: Called Strike
0-1: Ball
1-1: Ball
2-1: Ball
3-1: Base on Balls
Tony Blevins to second
Batting: RHB Ben Miller 0-0: Ball
1-0: SINGLE (Line Drive, 4D, EV 105.0 MPH)
Tony Blevins to third
Ben Johnson to second
Runner from 3rd tries for Home, throw by CF and OUT! 8-2
Top of the 5th over - 3 runs, 4 hits, 0 errors, 2 left on base; New Hampshire 4 - Hartford 0
BOTTOM OF THE 5TH
Hartford Yard Goats batting - Pitching for New Hampshire Fisher Cats : LHP José Flores
Batting: RHB Greg Ashby 0-0: Ball
1-0: SINGLE (Groundball, 23, EV 61.9 MPH) (infield hit)
Batting: LHB Mike Gibson 0-0: Foul Ball, location: 2F
0-1: Grounds into double play, 4-6-3 (Groundball, 4S, EV 82.5 MPH)
Batting: RHB Aurelio Alvarado 0-0: SINGLE (Groundball, 6MD, EV 108.8 MPH)
Batting: RHB Rubén Chávez 0-0: Called Strike
0-1: Swinging Strike
0-2: Strikes out swinging
Bottom of the 5th over - 0 runs, 2 hits, 0 errors, 1 left on base; New Hampshire 4 - Hartford 0
TOP OF THE 6TH
New Hampshire Fisher Cats batting - Pitching for Hartford Yard Goats : RHP Greg Miller
Batting: LHB Ben Browning 0-0: Called Strike
0-1: Ball
1-1: Foul Ball, location: 2F
1-2: Fly out, F7 (Flyball, 78M, EV 86.9 MPH)
Pitching: RHP Cisco Ortíz
Batting: RHB Hisashi Taniguchi 0-0: Swinging Strike
0-1: Foul Ball, location: 9LMF
0-2: Strikes out swinging
Batting: RHB Luis Cuestas 0-0: Ball
1-0: Swinging Strike
1-1: Ball
2-1: Fly out, F8 (Line Drive, 8LM, EV 84.4 MPH)
Top of the 6th over - 0 runs, 0 hits, 0 errors, 0 left on base; New Hampshire 4 - Hartford 0
BOTTOM OF THE 6TH
Hartford Yard Goats batting - Pitching for New Hampshire Fisher Cats : LHP José Flores
Batting: RHB Dave Howard 0-0: Called Strike
0-1: Called Strike
0-2: Ball
1-2: Ball
2-2: Ball
3-2: Base on Balls
Batting: SHB Jerry Clifton 0-0: Ball
1-0: Ball
2-0: Called Strike
2-1: SINGLE (Groundball, 6MD, EV 95.6 MPH)
Dave Howard to second
Runner from 2nd tries for 3rd, SAFE, throw by CF made to third
Batting: RHB Ben Austin 0-0: Called Strike
0-1: Ball
1-1: Called Strike
1-2: Foul Ball, location: 3FF
1-2: Ball
2-2: Fly out, F8 (Flyball, 8RXD, EV 90.6 MPH)
Runner from 3rd tags up, SCORES, no throw by CF
Batting: RHB Tom Spencer 0-0: Foul Ball, location: 5FF
0-1: Foul Ball, location: 23F
0-2: Strikes out looking
Batting: RHB Stan Moore 0-0: Called Strike
0-1: Ball
1-1: Foul Ball, location: 2F
1-2: Foul Ball, location: 3FF
1-2: Strikes out swinging
Bottom of the 6th over - 1 run, 1 hit, 0 errors, 1 left on base; New Hampshire 4 - Hartford 1
TOP OF THE 7TH
New Hampshire Fisher Cats batting - Pitching for Hartford Yard Goats : RHP Cisco Ortíz
Batting: RHB Juan Vázquez 0-0: Ball
1-0: Foul Ball, location: 2F
1-1: Foul Ball, location: 2F
1-2: SOLO HOME RUN (Flyball, 78XD, EV 103.1 MPH), Distance : 405 ft
Batting: RHB António Acosta 0-0: Ball
1-0: SOLO HOME RUN (Flyball, 78XD, EV 100.0 MPH), Distance : 387 ft
Batting: RHB Raúl Ramírez 0-0: Ball
1-0: Called Strike
1-1: Called Strike
1-2: Ball
2-2: Strikes out swinging passed ball, reaches first!
Batting: RHB Tony Blevins 0-0: Swinging Strike
0-1: Foul Ball, location: 9LMF
0-2: Ball
1-2: Fly out, F3 (Popup, 3L, EV 74.4 MPH)
Batting: LHB Ben Johnson 0-0: Ball
1-0: Swinging Strike
1-1: Ball
2-1: Called Strike
2-2: Foul Ball, location: 2F
2-2: Fly out, F9 (Flyball, 89M, EV 81.3 MPH)
Batting: RHB Ben Miller 0-0: Called Strike
Raúl Ramírez steals 2nd base
0-1: Foul Ball, location: 25F
0-2: Ball
1-2: Ball
2-2: Strikes out swinging
Top of the 7th over - 2 runs, 2 hits, 0 errors, 1 left on base; New Hampshire 6 - Hartford 1
BOTTOM OF THE 7TH
Hartford Yard Goats batting - Pitching for New Hampshire Fisher Cats : LHP José Flores
Batting: RHB Greg Ashby 0-0: Called Strike
0-1: Foul Ball, location: 7LSFF
0-2: Ball
1-2: Strikes out swinging
Batting: LHB Mike Gibson 0-0: Ball
1-0: Called Strike
1-1: Swinging Strike
1-2: Strikes out looking
Batting: RHB Aurelio Alvarado 0-0: Called Strike
0-1: Swinging Strike
0-2: Ball
1-2: Ball
2-2: Ball
3-2: Strikes out looking
Bottom of the 7th over - 0 runs, 0 hits, 0 errors, 0 left on base; New Hampshire 6 - Hartford 1
TOP OF THE 8TH
New Hampshire Fisher Cats batting - Pitching for Hartford Yard Goats : RHP Cisco Ortíz
Batting: LHB Ben Browning 0-0: SINGLE (Groundball, 34D, EV 109.4 MPH)
Batting: RHB Hisashi Taniguchi 0-0: Called Strike
0-1: Ball
1-1: Grounds into double play, 6-4-3 (Groundball, 6, EV 78.8 MPH)
Batting: RHB Luis Cuestas 0-0: Swinging Strike
0-1: Swinging Strike
0-2: Strikes out swinging
Top of the 8th over - 0 runs, 1 hit, 0 errors, 0 left on base; New Hampshire 6 - Hartford 1
BOTTOM OF THE 8TH
Hartford Yard Goats batting - Pitching for New Hampshire Fisher Cats : LHP José Flores
Batting: RHB Rubén Chávez 0-0: Ground out 5-3 (Groundball, 5, EV 106.9 MPH)
Pinch Hitting: RHB Gilberto Martínez 0-0: Swinging Strike
0-1: Ball
1-1: Swinging Strike
1-2: Strikes out swinging
Pitching: RHP Ánibal Marrero
Batting: SHB Jerry Clifton 0-0: Ball
1-0: Called Strike
1-1: Ball
2-1: Swinging Strike
2-2: Strikes out swinging
Bottom of the 8th over - 0 runs, 0 hits, 0 errors, 0 left on base; New Hampshire 6 - Hartford 1
TOP OF THE 9TH
New Hampshire Fisher Cats batting - Pitching for Hartford Yard Goats : RHP Cisco Ortíz
Now at 3B: Jeff Johnston
Now at SS: Greg Ashby
Batting: RHB Juan Vázquez 0-0: Called Strike
0-1: Ball
1-1: Foul Ball, location: 9LSF
1-2: Ground out 5-3 (Groundball, 56, EV 81.3 MPH)
Pitching: LHP Orlando Pérez
Batting: RHB António Acosta 0-0: Called Strike
0-1: Foul Ball, location: 2F
0-2: Ball
1-2: Ball
2-2: Ball
3-2: Fly out, F8 (Flyball, 8LD, EV 96.9 MPH)
Batting: RHB Raúl Ramírez 0-0: Called Strike
0-1: Ball
1-1: Called Strike
1-2: Strikes out looking
Top of the 9th over - 0 runs, 0 hits, 0 errors, 0 left on base; New Hampshire 6 - Hartford 1
BOTTOM OF THE 9TH
Hartford Yard Goats batting - Pitching for New Hampshire Fisher Cats : RHP Ánibal Marrero
Batting: RHB Ben Austin 0-0: Ball
1-0: Fly out, F8 (Flyball, 8LM, EV 93.8 MPH)
Batting: RHB Tom Spencer 0-0: Called Strike
0-1: Ball
1-1: Foul Ball, location: 2LF
1-2: Ground out 6-3 (Groundball, 6S, EV 86.3 MPH)
Batting: RHB Stan Moore 0-0: Ball
1-0: Ground out 5-3 (Groundball, 56, EV 86.9 MPH)
Bottom of the 9th over - 0 runs, 0 hits, 0 errors, 0 left on base; New Hampshire 6 - Hartford 1
Friday, May 3rd , 2024 - OOTP Baseball 24.10 Build 82